 Dungeon Crawl Stone Soup version 0.28.0 (webtiles) character file.

Game seed: 9330298712183835103

32 funkygono the Firebug (level 3, -1/19 HPs)
             Began as a Gargoyle Fire Elementalist on Feb 10, 2022.
             Slain by a phantom (7 damage)
             ... on level 2 of the Dungeon.
             The game lasted 00:03:10 (1300 turns).

funkygono the Firebug (Gargoyle Fire Elementalist)  Turns: 1300, Time: 00:03:10

Health: -1/19      AC:  5    Str: 11    XL:     3   Next: 25%
Magic:  0/6        EV: 12    Int: 17    God:
Gold:   24         SH:  0    Dex: 10    Spells: 0/6 levels left

rFire   . . .      SeeInvis .   d - +0 whip
rCold   . . .      Faith    .   (no shield)
rNeg    + . .      Spirit   .   a - +0 robe
rPois   ∞          Reflect  .   (no helmet)
rElec   +          Harm     .   (no cloak)
rCorr   .          Rampage  .   (no gloves)
Will    .....                   (no boots)
Stlth   ++........              (no amulet)
HPRegen 0.06/turn               (no ring)
MPRegen 0.10/turn               (no ring)

@: no status effects
A: sickness immunity, AC +3, negative energy resistance 1, electricity
resistance, torment resistance 1, petrification resistance
a: no special abilities


You were on level 2 of the Dungeon.
You visited 1 branch of the dungeon, and saw 2 of its levels.

You collected 24 gold pieces.

Inventory:

Hand Weapons
 d - a +0 whip (weapon)
Missiles
 b - 62 stones
Armour
 a - a +0 robe (worn)
 c - a +0 leather armour
Jewellery
 g - a +6 ring of strength
Scrolls
 e - a scroll of enchant weapon {unknown}
 h - a scroll of identify {unknown}
Potions
 f - a potion of magic {unknown}
 i - a potion of might {unknown}
 j - a potion of resistance {unknown}


   Skills:
 + Level 1.6 Dodging
 - Level 2.1 Stealth
 * Level 2.3 Spellcasting
 * Level 1.4 Conjurations
 * Level 3.8 Fire Magic


You couldn't memorise any spells.
You knew the following spells:

 Your Spells              Type           Power      Damage    Failure   Level
a - Foxfire               Conj/Fire      40%        2x1d6     6%          1
b - Scorch                Fire           28%        2d6       6%          2
c - Conjure Flame         Conj/Fire      10%        6-21      19%         3

Your spell library contained the following spells:

 Spells                   Type           Power      Damage    Failure   Level
 Inner Flame              Hex/Fire       8%         N/A       26%         3
 Flame Wave               Conj/Fire      10%        2d5       54%         4


Dungeon Overview and Level Annotations

Branches:
Dungeon (2/15)

Altars:


Innate Abilities, Weirdness & Mutations

You are immune to sickness and miasma.
Your stone body is resilient. (AC +3)
You are immune to poison.
You resist negative energy. (rN+)
You are resistant to electric shocks. (rElec)
You are resistant to unholy torment.
You are immune to petrification.


Message History

The foxfire hits the phantom.
The phantom is moderately damaged.
The foxfire hits the phantom.
The phantom is moderately damaged.
The foxfire hits the phantom but does no damage.
The phantom is moderately damaged.
The foxfire hits the phantom but does no damage.
The phantom is moderately damaged.
Casting: Foxfire (safe; 6% risk of failure)
Confirm with . or Enter, or press ? or * to list all spells.
You conjure some foxfire!
Casting: Foxfire (safe; 6% risk of failure)
Confirm with . or Enter, or press ? or * to list all spells.
You miscast Foxfire.
You are very lightly contaminated with residual magic.
Nothing appears to happen.
The foxfire hits the phantom but does no damage.
The phantom is moderately damaged.
The foxfire hits the phantom but does no damage.
The phantom is moderately damaged.
Casting: Foxfire (safe; 6% risk of failure)
Confirm with . or Enter, or press ? or * to list all spells.
You conjure some foxfire!
Unknown command.
The foxfire hits the phantom.
The phantom is heavily damaged.
The foxfire hits the phantom.
The phantom is severely damaged.
The phantom hits you but does no damage.
You hit the phantom.
The phantom is severely damaged.
The phantom hits you.
The phantom blinks!
You blink.
Casting: Foxfire (safe; 6% risk of failure)
Confirm with . or Enter, or press ? or * to list all spells.
You conjure some foxfire!
The phantom hits you!
The phantom blinks!
You blink.
Your magical contamination has completely faded away.
You barely miss the phantom.
The phantom is severely damaged.
The phantom hits you!
You die...

... #####.# +.†..)####
##### #.^?.....# .#
#...##+###....##.#####...#
#........#..#.##.#........
#....§...#§...............
#...§.........##W#........
..............##@#####...#
##..###..###...<.# ..#
#... #..# #.†#### #.
#..###..# #..# ....
........# ##..###..###..#
#..# #..# ?.## #..# #..#


You could see a phantom.

Vanquished Creatures
  A ball python (D:1)
  7 endoplasms
  A goblin (D:1)
  5 hobgoblins (D:1)
  5 kobolds
  A quokka (D:2)
  5 bats
  2 rats (D:1)
27 creatures vanquished.

Vanquished Creatures (others)
  73 foxfires
73 creatures vanquished.

Grand Total: 100 creatures vanquished

Notes
Turn   | Place    | Note
-------+----------+-------------------------------------------
     0 | D:1      | funkygono the Gargoyle Fire Elementalist began the quest
                  | for the Orb.
     0 | D:1      | Reached XP level 1. HP: 10/10 MP: 3/3
    76 | D:1      | Found a faded altar of an unknown god.
   225 | D:1      | Reached XP level 2. HP: 15/15 MP: 0/5
   228 | D:1      | Learned a level 2 spell: Scorch
   861 | D:1      | Reached XP level 3. HP: 19/19 MP: 2/6
   865 | D:1      | Learned a level 3 spell: Conjure Flame
  1286 | D:2      | Noticed a phantom
  1300 | D:2      | Slain by a phantom

Illustrated notes

Levels and vault maps discovered:
D:1:      tarquinn_simple_flora_water_e, layout_loops_ring,
          nicolae_ecumenical_lake_church
D:2:      layout_loops_cross, grunt_ministairs_13,
          minmay_misc_feat_secret_circle, minmay_misc_feat_nine_boxes,
          uniq_robin, uniq_crazy_yiuf_cottage

Action                   || total
-------------------------++-------
Melee: Whip              ||     3
 Cast: Foxfire           ||    47
       Scorch            ||     5
Armor: Robe              ||     4
Dodge: Dodged            ||     1
